 Dungeon Crawl Stone Soup version 0.14-a0-3167-gc8df72d (webtiles) character file.

5260 HollowCharge the Basher (level 10, -5/110 HPs)
             Began as an Ogre Gladiator on Mar 10, 2014.
             Was a Priest of Okawaru.
             Slain by a hippogriff zombie (6 damage)
             ... on Level 8 of the Dungeon.
             The game lasted 00:41:01 (11175 turns).

HollowCharge the Basher (Ogre Gladiator)           Turns: 11175, Time: 00:41:01

HP  -5/110       AC  6     Str 24 (25) XL: 10   Next: 50%
MP  10/10        EV 12     Int  7      God: Okawaru [***...]
Gold 402         SH  0     Dex 10      Spells:  0 memorised,  9 levels left

rFire  . . .     SeeInvis .     m - +1 giant spiked club
rCold  + . .     Clarity  .     p - +1 robe {MR+}
rNeg   . . .     Conserve .     (shield restricted)
rPois  .         rCorr    .     c - +0 hat
rElec  .         rRot     .     (no cloak)
SustAb . .       Spirit   .     (gloves unavailable)
rMut   .         Warding  .     (boots unavailable)
Saprov + . .     Stasis   .     (no amulet)
MR     +....                    w - ring of protection from cold
                                u - +2 ring of protection

@: drained, somewhat resistant to hostile enchantments, unstealthy
A: unfitting armour, fast metabolism 1, saprovore 1, tough skin 1
a: Heroism, Renounce Religion


You were on level 8 of the Dungeon.
You worshipped Okawaru.
Okawaru was most pleased with you.
You were not hungry.

You visited 2 branches of the dungeon, and saw 9 of its levels.

You collected 402 gold pieces.

Inventory:

Hand weapons
 e - a +2,+1 whip of electrocution
 j - a +0,+0 giant spiked club
 m - a +1,+1 giant spiked club (weapon)
 y - a +1,+1 morningstar of holy wrath
Armour
 c - a +0 hat (worn)
 p - a +1 robe of magic resistance (worn)
Magical devices
 x - a wand of disintegration (5)
 z - a wand of fireball (0)
Comestibles
 b - 3 rotting chunks of yak flesh
 f - 3 meat rations
 k - a choko
 l - an apple
 o - 2 bread rations
 s - a pear
Scrolls
 d - a scroll of amnesia
Jewellery
 t - an uncursed ring of wizardry
 u - a +2 ring of protection (left hand)
 w - a ring of protection from cold (right hand)
 A - an uncursed ring of poison resistance
Potions
 a - a potion of speed
 g - a potion of brilliance
 h - a potion of heal wounds
 r - a potion of porridge
Books
 E - a book of the Warp

   Spells                             Type                      Level
   Control Teleport                   Charms/Translocation         4
   Phase Shift                        Translocation                5
   Warp Weapon                        Charms/Translocation         5
   Summon Forest                      Summoning/Translocation      5
   Dispersal                          Translocation                6
   Controlled Blink                   Translocation                7
   Disjunction                        Translocation                8
Magical staves
 H - an uncursed staff of conjuration {unknown}


   Skills:
 + Level 10.3(9.9) Fighting
 * Level 13.7(13.3) Maces & Flails
 - Level 2.1(1.8) Throwing
 + Level 7.6(7.3) Dodging


You had 9 spell levels left.
You didn't know any spells.

Dungeon Overview and Level Annotations

Branches:
Dungeon (8/16)             Temple (1/1) D:6
   Lair: D:8-11

Altars:
Ashenzari
Cheibriados
Dithmenos
Elyvilon
Kikubaaqudgha
Makhleb
Nemelex Xobeh
Okawaru
Sif Muna
Vehumet
Xom
The Shining One

Shops:
D:5 [   D:7 :


Innate Abilities, Weirdness & Mutations

You are too large for most types of armour.
You have a fast metabolism.
You can tolerate rotten meat.
You have tough skin (AC +1).


Message History

The wyvern skeleton barely misses you. The giant eyeball stares at you.
You suddenly lose the ability to move!
Found 5 needles of slowing.
The wyvern skeleton bites you but does no damage.
You can move again.
A goliath beetle comes into view.
The hippogriff zombie bites you.
* * * LOW HITPOINT WARNING * * *
The hippogriff zombie misses you. The hippogriff zombie claws you.
* * * LOW HITPOINT WARNING * * *
The hippogriff zombie bites you.
* * * LOW HITPOINT WARNING * * *
The hippogriff zombie closely misses you.
The hippogriff zombie completely misses you.
You see here a potion of heal wounds.
h - a potion of heal wounds The wyvern skeleton closely misses you.
The wyvern skeleton bites you.
* * * LOW HITPOINT WARNING * * *
The hippogriff zombie bites you.
You die...

....####.#.#...#
#.#.#.# #
#.#.#.# #.#.#B#
###.#.#.# .
#.......# .%
#...r...# ..
##.##...Z...# ..
........(Z@..#
.. ....#.......#
..
..............#
..
.......G......#
. ............(#
. ............#
) .#####.#.#.#
....#. ...


You could see a goliath beetle (sleeping), a giant eyeball, a hippogriff zombie,
a rat and a wyvern skeleton.

Vanquished Creatures
  Erolcha (D:8)
  Pikel (D:8)
  A polar bear (D:8)
  2 yaks (D:8)
  A wolf (D:8)
  A necrophage (D:8)
  A water moccasin (D:7)
  3 ice beasts
  2 orc warriors
  A phantom (D:8)
  3 slaves (D:8)
  The ghost of patman the Ruffian, an average NaMo of Cheibriados (D:5)
  A sky beast (D:5)
  A centaur (D:7)
  5 ogres
  4 giant frogs (D:7)
  A wyvern zombie (D:7)
  A scorpion (D:4)
  3 killer bees (D:7)
  A goliath beetle (D:6)
  3 crimson imps
  A quasit (D:5)
  3 hounds
  2 jellies
  8 worker ants
  9 orc priests
  9 orc wizards
  An iguana (D:8)
  A hippogriff simulacrum (D:8)
  A hound skeleton (D:6)
  A worker ant zombie (D:6)
  8 adders
  An ogre simulacrum (D:8)
  A white imp (D:8)
  A giant mite (D:5)
  An inept feature mimic (D:2)
  2 worms
  An iguana zombie (D:5)
  An adder skeleton (D:8)
  An adder zombie (D:5)
  A giant eyeball (D:7)
  4 giant geckos
  53 orcs
  40 bats
  5 giant cockroaches
  14 goblins
  15 hobgoblins
  13 jackals
  3 quokkas
  2 ball pythons
  5 giant newts
  A hobgoblin skeleton (D:6)
  10 kobolds
  An orc simulacrum (D:8)
  An orc skeleton (D:5)
  18 rats
277 creatures vanquished.

Notes
Turn   | Place    | Note
--------------------------------------------------------------
     0 | D:1      | HollowCharge, the Ogre Gladiator, began the quest for the Orb.
     0 | D:1      | Reached XP level 1. HP: 22/22 MP: 1/1
   222 | D:1      | Reached XP level 2. HP: 25/29 MP: 2/2
  1223 | D:2      | Reached XP level 3. HP: 25/37 MP: 3/3
  1436 | D:2      | Reached skill level 5 in Maces & Flails
  1722 | D:2      | Reached XP level 4. HP: 18/48 MP: 4/4
  2297 | D:2      | Reached XP level 5. HP: 42/54 MP: 5/5
  3188 | D:4      | Reached skill level 6 in Maces & Flails
  3307 | D:4      | Noticed an ogre
  3311 | D:4      | Killed an ogre
  3311 | D:4      | Reached skill level 5 in Fighting
  3311 | D:4      | Reached XP level 6. HP: 35/66 MP: 6/6
  3786 | D:4      | Reached skill level 7 in Maces & Flails
  4178 | D:4      | Reached XP level 7. HP: 61/72 MP: 7/7
  5028 | D:5      | Entered Level 5 of the Dungeon
  5035 | D:5      | Reached skill level 8 in Maces & Flails
  5230 | D:5      | Found Xaerphe's Antique Armour Emporium.
  5239 | D:5      | Noticed patman's ghost (average NaMo)
  5255 | D:5      | Killed patman's ghost
  5734 | D:5      | Reached XP level 8. HP: 50/84 MP: 8/8
  5907 | D:5      | Reached skill level 9 in Maces & Flails
  5990 | D:5      | Reached skill level 5 in Dodging
  7662 | D:6      | Reached skill level 10 in Maces & Flails
  7691 | D:6      | Found a staircase to the Ecumenical Temple.
  7695 | Temple   | Entered the Ecumenical Temple
  7699 | Temple   | Became a worshipper of Warmaster Okawaru
  8434 | D:7      | Reached XP level 9. HP: 78/96 MP: 9/9
  8463 | D:7      | Found Shruokua's Book Emporium.
  8515 | D:7      | Paralysed by a giant eyeball for 4 turns
  8554 | D:7      | Reached skill level 11 in Maces & Flails
  8874 | D:7      | Acquired Okawaru's first power
  9980 | D:7      | Reached skill level 12 in Maces & Flails
 10497 | D:8      | Noticed Pikel
 10514 | D:8      | Killed Pikel
 10514 | D:8      | Reached skill level 13 in Maces & Flails
 10514 | D:8      | Reached XP level 10. HP: 99/110 MP: 10/10
 10519 | D:8      | Noticed Erolcha
 10527 | D:8      | Killed Erolcha
 10527 | D:8      | Reached skill level 10 in Fighting
 11171 | D:8      | Paralysed by a giant eyeball for 2 turns
 11174 | D:8      | HP: 2/110 [hippogriff zombie (4)]
 11175 | D:8      | Slain by a hippogriff zombie

Action                   |  1- 3 |  4- 6 |  7- 9 | 10-12 || total
-------------------------+-------+-------+-------+-------++-------
Melee: Flail             |   134 |   172 |       |       ||   306
       Giant spiked club |       |    58 |   458 |    55 ||   571
Throw: Throwing net      |       |     5 |     5 |     1 ||    11
Evoke: Wand              |       |       |    35 |     2 ||    37
  Use: Potion            |     3 |     1 |    16 |       ||    20
       Scroll            |       |     6 |    12 |     2 ||    20
 Stab: Held in net/web   |       |     2 |       |       ||     2
